 Dungeon Crawl Stone Soup version 0.29-a0-821-g66395355a5 (webtiles) character file.

Game seed: 5729978323709498348

8394 gobodom the Cleaver (level 11, -2/86 HPs)
             Began as a Formicid Fighter on July 8, 2022.
             Slain by a yak (12 damage)
             ... on level 9 of the Dungeon.
             The game lasted 00:41:46 (10524 turns).

gobodom the Cleaver (Formicid Fighter)             Turns: 10524, Time: 00:41:47

Health: -2/86      AC: 14    Str: 24    XL:     11   Next: 55%
Magic:  2/2        EV: 17    Int:  7    God:
Gold:   496        SH:  7    Dex: 20    Spells: 10/10 levels left

rFire   + . .      SeeInvis +   y - +4 battleaxe
rCold   + . .      Faith    .   c - +0 buckler
rNeg    + . .      Spirit   .   t - +1 scale mail {rC+}
rPois   .          Reflect  .   (helmet unavailable)
rElec   .          Harm     .   e - +2 cloak
rCorr   .          Rampage  .   b - +0 pair of gloves of the Noxious Slorg {Will+ MP-9 Slay+2}
Will    ++...                   (no boots)
Stlth   +.........              (no amulet)
HPRegen 0.24/turn               w - +4 ring of evasion
MPRegen 0.08/turn               D - ring of Deujy {rF+ rN+ Dex+3}

@: no status effects
A: permanent stasis, dig shafts and tunnels, antennae 3, four strong arms,
hooves 1, agile 1, shaggy fur 1
a: Dig, Shaft Self


You were on level 9 of the Dungeon.
You visited 1 branch of the dungeon, and saw 9 of its levels.

You collected 496 gold pieces.

Inventory:

Hand Weapons
 a - a +2 war axe
 x - a +0 giant spiked club
 y - a +4 battleaxe (weapon)
 z - a +0 eveningstar
Missiles
 g - 28 poisoned darts (quivered)
 l - 6 boomerangs
Armour
 b - the +0 pair of gloves of the Noxious Slorg (worn) {Will+ MP-9 Slay+2}
   (You acquired it on level 3 of the Dungeon)

   Slay:      It affects your accuracy & damage with ranged weapons and melee
   (+2).
   MP:        It affects your magic capacity (-9).
   Will:      It increases your willpower.
 c - a +0 buckler (worn)
 e - a +2 cloak (worn)
 i - a +0 chain mail
 t - a +1 scale mail of cold resistance (worn)
 A - a +0 plate armour
Jewellery
 r - a ring of flight
 w - a +4 ring of evasion (left hand)
 D - the ring of Deujy (right hand) {rF+ rN+ Dex+3}
   (You acquired it on level 8 of the Dungeon)

   [ring of protection from fire]

   Dex:       It affects your dexterity (+3).
   rF:        It protects you from fire.
   rN:        It protects you from negative energy.
Wands
 k - a wand of paralysis (8)
 m - a wand of iceblast (14)
 n - a wand of digging (6)
 q - a wand of flame (28)
 B - a wand of acid (4)
Scrolls
 h - a scroll of fog
 j - 2 scrolls of vulnerability
 u - a scroll of fear
 C - a scroll of brand weapon {unknown}
Potions
 d - 2 potions of might
 f - a potion of cancellation
 o - 3 potions of curing
 p - a potion of resistance
 s - a potion of brilliance
 v - 4 potions of lignification
 E - a potion of flight


   Skills:
 * Level 7.9 Fighting
 * Level 12.2 Axes
 + Level 1.1 Throwing
 * Level 7.8 Armour
 * Level 4.8 Dodging
 + Level 0.6 Stealth
 * Level 8.8 Shields


You had 10 spell levels left.
You didn't know any spells.
Your spell library contained the following spells:

 Spells                   Type           Power      Damage    Failure   Level
 Sandblast                Erth           0%         2d4       75%         1
 Slow                     Hex            0%         N/A       75%         1
 Passwall                 Tmut/Erth      0%         N/A       87%         2
 Confusing Touch          Hex            0%         N/A       98%         3
 Gell's Gravitas          Tloc           0%         N/A       98%         3
 Lesser Beckoning         Tloc           0%         N/A       98%         3
 Stone Arrow              Conj/Erth      0%         3d7       98%         3
 Teleport Other           Tloc           0%         N/A       98%         3
 Vampiric Draining        Necr           0%         2d6       98%         3
 Yara's Violent Unravell  Hex/Tmut       0%         3d3       100%        5
 Dispersal                Tloc           0%         N/A       100%        6
 Enfeeble                 Hex            0%         N/A       100%        7


Dungeon Overview and Level Annotations

Branches:
Dungeon (9/15)             Temple (0/1) D:7            Lair (0/6) D:9
    Orc: D:9-12

Altars:
Dithmenos
Elyvilon
Fedhas
Hepliaklqana
Kikubaaqudgha
Makhleb
Nemelex Xobeh
Qazlal
Sif Muna
Trog
Uskayaw
Vehumet
Wu Jian
Xom
The Shining One

Shops:
D:1 (   D:3 (   D:5 ?


Innate Abilities, Weirdness & Mutations

You cannot be hasted, slowed, berserked, paralysed or teleported.
You can dig through walls and to a lower floor.
You have a pair of large antennae on your head. (SInv)
Your four strong arms can wield two-handed weapons with a shield.
You have large cloven feet.
You are agile. (Dex +4, Str/Int -1)
You are covered in fur. (AC +1)


Message History

The yak bellows!
You kick the wolf.
You kill the wolf!
You hit the yak. The yak misses you.
A yak comes into view.
The yak barely misses you.
You see here a hound corpse.
The yak closely misses you.
You hit the yak but do no damage. You kick the yak.
The yak is lightly wounded.
The yak barely misses you.
You slash the yak!
The yak is heavily wounded.
A yak comes into view.
The yak misses you.
You slice the yak!!
You kill the yak!
You slash the yak! You kick the yak.
The yak is moderately wounded.
The yak gores you!
You slash the yak!
The yak is heavily wounded.
The yak gores you but does no damage. The yak gores you!
* * * LOW HITPOINT WARNING * * *
Aiming: Iceblast
Press: ? - help, Q - select action, (/) - cycle Shift-Dir - straight line, f - yak
Aim: a yak
Okay, then.
The yak closely misses you. The yak barely misses you.
The yak attacks as you move away! The yak gores you.
* * * LOW HITPOINT WARNING * * *
The yak attacks as you move away! The yak gores you.
* * * LOW HITPOINT WARNING * * *
The yak snorts and paws the ground.
The yak attacks as you move away! You block the yak's attack.
The yak attacks as you move away! The yak gores you!
* * * LOW HITPOINT WARNING * * *
The yak attacks as you move away! The yak gores you!
You die...

## ##### ... #....
....######## ####....
.....>.....# #.......
...........# #.......
#@...######....... #
#YY............... #.
#Y................ #..
#Y................
.+.?.#Y#.#########.....
..$.............. #.....
.....≈..†††≈≈.... #.....
≈..≈≈≈≈≈≈..≈..... #.....
≈≈≈≈≈≈≈≈≈≈≈≈....###...?.


You could see 5 yaks.

Vanquished Creatures
  Pikel (D:8)
  Maurice (D:8)
  Joseph (D:8)
  Maggie (D:6)
  A gargoyle (D:7)
  Psyche (D:8)
  Sigmund (D:6)
  Eustachio (D:6)
  A wyvern (D:7)
  4 yaks
  A steam dragon (D:8)
  4 water moccasins
  3 orc warriors
  2 sky beasts
  3 ice beasts
  A black bear (D:6)
  4 wolves (D:9)
  4 ogres
  3 centaurs
  A phantom (D:6)
  4 kobold brigands
  3 bullfrogs
  2 necrophages
  4 scorpions
  20 wights
  4 killer bees
  A howler monkey (D:8)
  An electric eel (D:9)
  2 lava snakes (D:7)
  2 gnoll boudas
  5 hounds
  5 orc priests
  Jessica (D:3)
  5 iguanas
  5 orc wizards
  Terence (D:3)
  4 gnolls (D:5)
  9 adders
  3 shadow imps
  5 white imps
  An ufetubus (D:5)
  2 dart slugs
  32 orcs
  6 bats
  7 endoplasms
  7 giant cockroaches
  16 goblins
  7 hobgoblins
  3 quokkas
  7 ball pythons
  5 frilled lizards
  11 kobolds
  6 rats
235 creatures vanquished.

Vanquished Creatures (others)
  An orc wizard (D:4)
1 creature vanquished.

Grand Total: 236 creatures vanquished

Notes
Turn   | Place    | Note
-------+----------+-------------------------------------------
     0 | D:1      | gobodom the Formicid Fighter began the quest for the Orb.
     0 | D:1      | Reached XP level 1. HP: 18/18 MP: 1/1
   185 | D:1      | Reached XP level 2. HP: 13/24 MP: 2/2
   447 | D:1      | Found a faded altar of an unknown god.
   611 | D:1      | Reached XP level 3. HP: 24/30 MP: 3/3
   686 | D:1      | Found Fiuru's Weapon Shop.
  1113 | D:2      | Reached XP level 4. HP: 34/37 MP: 4/4
  1579 | D:2      | Reached skill level 3 in Axes
  1897 | D:3      | Noticed Terence
  1917 | D:3      | Killed Terence
  1918 | D:3      | Reached XP level 5. HP: 14/42 MP: 5/5
  2123 | D:3      | Identified a scroll of acquirement
  2123 | D:3      | Acquired the +0 pair of gloves of the Noxious Slorg {Will+
                  | MP-9 Slay+2}
  2243 | D:3      | Found a shimmering blue altar of Sif Muna.
  2345 | D:3      | Found a burning altar of Makhleb.
  2345 | D:3      | Noticed Jessica
  2354 | D:3      | Killed Jessica
  2400 | D:3      | Reached skill level 5 in Shields
  2405 | D:3      | Found Mejips's Antique Weapon Emporium.
  2547 | D:3      | Found a blossoming altar of Fedhas.
  3073 | D:4      | Reached XP level 6. HP: 32/48 MP: 0/6
  3181 | D:4      | Reached skill level 4 in Axes
  3184 | D:4      | HP: 2/48 [orc priest/nerve-wracking pain (8)]
  3793 | D:4      | Found a glowing golden altar of the Shining One.
  3829 | D:4      | Reached skill level 1 in Dodging
  4181 | D:4      | Found a hazy altar of Hepliaklqana.
  4280 | D:5      | Entered Level 5 of the Dungeon
  4300 | D:5      | Noticed an ice beast
  4307 | D:5      | Killed an ice beast
  4308 | D:5      | Reached XP level 7. HP: 49/55 MP: 0/7
  4359 | D:5      | Reached skill level 5 in Axes
  4779 | D:5      | Reached skill level 5 in Armour
  4872 | D:5      | Found a radiant altar of Vehumet.
  4897 | D:5      | Reached XP level 8. HP: 42/61 MP: 0/8
  4899 | D:5      | Reached skill level 6 in Axes
  5092 | D:5      | Found Qusch's Magic Scroll Shoppe.
  5682 | D:6      | Noticed Maggie
  5693 | D:6      | Reached skill level 5 in Fighting
  5710 | D:6      | Killed Maggie
  5711 | D:6      | Reached skill level 7 in Axes
  5711 | D:6      | Reached XP level 9. HP: 24/68 MP: 0/9
  5961 | D:6      | Gained mutation: You are covered in fur. (AC +1) [potion of
                  | mutation]
  5961 | D:6      | Gained mutation: You are agile. (Dex +4, Str/Int -1)
                  | [potion of mutation]
  5961 | D:6      | Gained mutation: You have large cloven feet. [potion of
                  | mutation]
  6028 | D:6      | Noticed Eustachio
  6053 | D:6      | Killed Eustachio
  6054 | D:6      | Reached skill level 8 in Axes
  6361 | D:6      | Noticed Sigmund
  6372 | D:6      | Killed Sigmund
  6373 | D:6      | Reached skill level 9 in Axes
  6373 | D:6      | Reached skill level 1 in Throwing
  6762 | D:6      | Found a bloodstained altar of Trog.
  6772 | D:6      | Reached XP level 10. HP: 77/77 MP: 1/10
  7272 | D:7      | Found a white marble altar of Elyvilon.
  7515 | D:7      | Reached skill level 10 in Axes
  7728 | D:7      | Found a stormy altar of Qazlal.
  7731 | D:7      | Found a shadowy altar of Dithmenos.
  7736 | D:7      | Found a hide-covered altar of Uskayaw.
  7737 | D:7      | Found an ancient bone altar of Kikubaaqudgha.
  7740 | D:7      | Found a sparkling altar of Nemelex Xobeh.
  7797 | D:7      | Found an ornate altar of the Wu Jian Council.
  7883 | D:7      | Found a staircase to the Ecumenical Temple.
  8348 | D:7      | Noticed a gargoyle
  8416 | D:7      | Killed a gargoyle
  8995 | D:8      | Found a shimmering altar of Xom.
  9264 | D:8      | Reached XP level 11. HP: 56/84 MP: 2/11
  9268 | D:8      | Reached skill level 11 in Axes
  9476 | D:8      | Noticed Joseph
  9483 | D:8      | Noticed Pikel
  9487 | D:8      | Killed Joseph
  9495 | D:8      | Killed Pikel
  9930 | D:8      | Noticed Maurice
  9939 | D:8      | Killed Maurice
 10006 | D:8      | Acquired the ring of Deujy {rF+ rN+ Dex+3}
 10186 | D:8      | Noticed Psyche
 10195 | D:8      | Killed Psyche
 10497 | D:9      | Found a staircase to the Lair.
 10503 | D:9      | Reached skill level 12 in Axes
 10524 | D:9      | Slain by a yak

Illustrated notes

Levels and vault maps discovered:
D:1:      sevenhm_arrival_forest_fort_small_4, layout_rooms,
          hellmonk_ecumenical_altar_blasted, serial_shops, nicolae_shop_stone,
          dreamdust_princess_bridge
D:2:      layout_rooms, minivault_5, hangedman_decor_slide_cut
D:3:      layout_loops_corners, led_sif_pool,
          mainiacjoe_overflow_small_starburst,
          mainiacjoe_overflow_six_doors_small, serial_rivers,
          chequers_serial_rivers_micro_d, chequers_serial_rivers_micro_d,
          chequers_serial_rivers_room_a, chequers_serial_rivers_micro_b,
          chequers_serial_rivers_micro_a, serial_shops,
          nicolae_shop_overgrown_old_shop, uniq_terence, uniq_jessica
D:4:      layout_gridville, lemuel_tele_altar, kennysheep_little_box,
          enter_ossuary_2
D:5:      layout_basic, fiery_altar_vehumet, serial_shops,
          nicolae_shop_statue_plus, glass_columns_a, minmay_fractal_squares_5
D:6:      layout_loops_ring, trog_butcher_becter,
          chequers_serial_rivers_micro_e, grunt_ministairs_8,
          minmay_ogre_servants, uniq_eustachio, uniq_sigmund, uniq_maggie
D:7:      minmay_clustersquares, layout_loops_corners,
          nicolae_wu_jian_wuxing_cycle, elyvilon_altar_5, minitemple,
          minmay_temple_entry_water_ring, grunt_ministairs_8, kennysheep_doodads
D:8:      layout_basic, xom_confusion_cloud, serial_rivers,
          chequers_serial_rivers_small_3, chequers_serial_rivers_micro_e,
          chequers_serial_rivers_micro_e, chequers_serial_rivers_micro_b,
          uniq_maurice, uniq_joseph, uniq_psyche, uniq_pikel
D:9:      layout_irregular_city, erik_lair_island, orc_0_dummy

Skill      XL: |  1  2  3  4  5  6  7  8  9 10 11 |
---------------+----------------------------------+-----
Axes           | 3 4 5 7 9 10 12 | 12.2
Fighting       | 4 5 6 7 |  7.9
Shields        | 5 6 7 8 |  8.8
Armour         | 4 5 6 7 |  7.8
Dodging        | 1 2 3 4 |  4.8
Throwing       | 1 |  1.1
Stealth        | |  0.6

Action                   |  1- 3 |  4- 6 |  7- 9 | 10-12 || total
-------------------------+-------+-------+-------+-------++-------
Melee: War axe           |    81 |   156 |   205 |   157 ||   599
       Kick              |       |       |    32 |    75 ||   107
       Battleaxe         |       |       |       |    79 ||    79
Throw: Dart              |       |       |    13 |     7 ||    20
 Abil: Dig               |     3 |       |       |       ||     3
Evoke: Wand              |       |     3 |       |       ||     3
  Use: Scroll            |     1 |     8 |     8 |     5 ||    22
       Potion            |       |     1 |     5 |     2 ||     8
 Stab: Paralysed         |       |     3 |       |       ||     3
Armor: Scale mail        |    45 |    41 |    72 |    64 ||   222
       Chain mail        |    23 |    39 |       |       ||    62
Dodge: Dodged            |    53 |    49 |   126 |   196 ||   424
Block: Buckler           |    23 |    46 |    55 |    93 ||   217

Table legend: (Time is in decaauts)
 A = Elapsed time spent in this place.
 B = Non-inter-level travel time spent in this place.
 C = Inter-level travel time spent in this place.
 D = Time resting spent in this place.
 E = Time spent auto-exploring this place.
 F = Levels seen in this place.
 G = Mean time per level.
                   A        B        C        D        E       F      G
               +--------+--------+--------+--------+--------+-----+--------+
         Total |  10679 |   9825 |    854 |    199 |   7463 |   9 | 1186.6 |
       Dungeon |  10679 |   9825 |    854 |    199 |   7463 |   9 | 1186.6 |
               +--------+--------+--------+--------+--------+-----+--------+

Top non-repeatable levels by time:
     D:7: 1968 daAuts
     D:6: 1659 daAuts
     D:3: 1363 daAuts
     D:5: 1271 daAuts
     D:8: 1261 daAuts
     D:4: 1259 daAuts
     D:2: 879 daAuts
     D:1: 873 daAuts
     D:9: 141 daAuts
